 Dungeon Crawl Stone Soup version 0.20.0-15-g7f486f2 (webtiles) character file.

115531 Zwobot the Severer (level 16, -2/152 HPs)
             Began as a Hill Orc Fighter on June 11, 2017.
             Was a Priest of Uskayaw.
             Drowned by a drowned soul (12 damage)
             ... summoned by a merfolk avatar
             ... on level 1 of the Shoals.
             The game lasted 01:33:26 (32880 turns).

Zwobot the Severer (Hill Orc Fighter)              Turns: 32880, Time: 01:33:27

Health: -2/152     AC: 24    Str: 29    XL:     16   Next: 68%
Magic:  23/23      EV:  8    Int:  4    God:    Uskayaw [***...]
Gold:   1853       SH: 16    Dex: 11    Spells: 15/15 levels left

rFire    + . .     SeeInvis +   a - +2 broad axe (elec)
rCold    + . .     Gourm    .   y - +2 shield
rNeg     + + .     Faith    .   n - +1 plate armour {rF+}
rPois    +         Spirit   .   (helmet restricted)
rElec    +         Reflect  .   N - +0 cloak of Opryin {rN++ MR+ Int-4} (curse)
rCorr    +         Harm     .   j - +2 pair of gloves {archery}
MR       ++...                  e - +0 pair of boots
Stlth    ..........             Y - amulet of Daffodils {+Rage rElec rC+ Str+4}
Regen    0.4/turn               Q - ring of resist corrosion
MPRegen  0.2/turn               I - ring of see invisible

@: mesmerised, very slow
A: antennae 1, hooves 1, poison resistance, subdued magic 1
a: Stomp, Line Pass, Renounce Religion, Evoke Berserk Rage


You were on level 1 of the Shoals.
You worshipped Uskayaw.
Uskayaw was aware of your devotion.
You were not hungry.

You visited 5 branches of the dungeon, and saw 26 of its levels.
You visited 1 bazaar.
You also visited: Labyrinth and Ossuary.

You collected 2756 gold pieces.
You spent 903 gold pieces at shops.

Inventory:

Hand Weapons
 a - a +2 broad axe of electrocution (weapon)
 b - a +1 war axe of flaming
 P - the +4 dagger of Perversion {drain, *Contam rC++ Str+3, unknown}
   (You found it in a labyrinth)

   A truly terrible weapon, it drains the life of those it strikes.
   It affects your strength (+3).
   It greatly protects you from cold.
   It causes magical contamination when unequipped.
 V - a +0 eveningstar
Missiles
 c - 19 javelins (quivered)
 l - 65 tomahawks
 x - a throwing net
Armour
 e - a +0 pair of boots (worn)
 j - a +2 pair of gloves of archery (worn)
 n - a +1 plate armour of fire resistance (worn)
 o - a +1 helmet
 y - a +2 shield (worn)
 D - a +2 plate armour of magic resistance
 N - the cursed +0 cloak of Opryin (worn) {rN++ MR+ Int-4}
   (You found it in a labyrinth)

   It affects your intelligence (-4).
   It greatly protects you from negative energy.
   It affects your resistance to hostile enchantments.
   It has a curse placed upon it.
Jewellery
 E - a +3 amulet of reflection
 I - a ring of see invisible (right hand)
 K - an uncursed ring of wizardry
 M - an uncursed amulet of faith
 O - an uncursed ring of ice
 Q - a ring of resist corrosion (left hand)
 Y - the amulet of Daffodils (around neck) {+Rage rElec rC+ Str+4}
   (You found it on level 12 of the Dungeon)

   [amulet of rage]

   It affects your strength (+4).
   It protects you from cold.
   It insulates you from electricity.
   It lets you go berserk.
Wands
 q - a wand of acid (0/15)
 w - a wand of clouds (4/9)
 H - a wand of disintegration (7/24)
 R - a wand of acid (0/15)
 U - a wand of confusion (21/48)
 W - a wand of enslavement (10/24)
 X - a wand of digging (2/24)
Scrolls
 h - 4 scrolls of magic mapping
 k - 3 scrolls of teleportation
 p - 4 scrolls of fog
 s - a scroll of recharging
 u - 11 scrolls of remove curse
 z - 2 scrolls of holy word
 C - 2 scrolls of enchant weapon
 G - 2 scrolls of blinking
 J - 2 scrolls of enchant armour
 S - 2 scrolls of noise
 Z - 2 scrolls of fear
Potions
 d - a potion of might
 i - 5 potions of curing
 m - 4 potions of mutation
 r - 3 potions of brilliance
 t - a potion of degeneration {unknown}
 v - 4 potions of cancellation
 A - 3 potions of magic
 B - 2 potions of ambrosia
 L - 3 potions of haste
Comestibles
 f - 14 bread rations
 g - 11 meat rations
 T - 8 royal jellies


   Skills:
 * Level 16.7 Fighting
 - Level 17.0 Axes
 - Level 9.7 Throwing
 + Level 13.9 Armour
 + Level 13.8 Shields
 - Level 10.3 Invocations


You had 15 spell levels left.
You didn't know any spells.

Dungeon Overview and Level Annotations

Branches:
Dungeon (15/15)            Temple (1/1) D:4            Lair (6/6) D:11
 Shoals (2/4) Lair:3        Snake (0/4) Lair:4        Slime (0/5) Lair:6
    Orc (2/2) D:11            Elf (0/3) Orc:2        Vaults (0/5) D:14
 Depths (0/5) D:15

Altars:
Ashenzari
Cheibriados
Elyvilon
Fedhas
Gozag
Hepliaklqana
Kikubaaqudgha
Qazlal
Ru
Uskayaw
Vehumet
Xom
Beogh
Jiyva

Shops:
D:10 (   Orc:1 *   Orc:2 :([?

Portals:
Trove: D:13 (give +2 storm dragon scales)

Annotations:
D:8 exclusion: obsidian statue
D:9 1 exclusion


Innate Abilities, Weirdness & Mutations

You have a pair of small antennae on your head.
You have large cloven feet.
Your system is resistant to poisons. (rPois)
Your spells are a little easier to cast, but a little less powerful.


Message History

Okay, then.
Evoke which item? (* to show all) (? for menu, Esc to quit)
Aiming: Corrosive Bolt (will waste charges)
Press: ? - help, Shift-Dir - straight line The bolt of acid misses the merfolk avatar.
Evoking this partially-identified wand wasted a few charges.
The merfolk avatar chants its luring song.
The drowned soul touches you. The drowned soul drowns you!
* * * LOW HITPOINT WARNING * * *
Evoke which item? (* to show all) (? for menu, Esc to quit)
Aiming: Corrosive Bolt (will waste charges)
Press: ? - help, Shift-Dir - straight line The bolt of acid misses the merfolk avatar.
Evoking this partially-identified wand wasted a few charges.
The merfolk avatar chants its luring song.
Unknown command.
You feel better.
The merfolk avatar chants its luring song.
The drowned soul touches you. The drowned soul drowns you!
You die...

≈≈≈≈≈≈≈≈≈≈≈....≈≈≈≈≈≈≈.≈≈≈...####
≈≈≈≈≈≈≈≈...).≈≈≈≈≈≈≈≈≈≈≈≈≈≈.## #
≈≈≈≈≈≈≈....≈≈≈≈≈≈≈≈≈≈≈≈≈≈≈≈.# #
≈≈≈≈≈≈≈....≈≈≈≈≈†≈≈≈≈≈≈≈....# #
≈≈≈≈≈≈..##.≈≈≈≈≈≈≈≈≈≈≈......##
≈≈≈≈≈..###..≈≈≈≈≈≈≈≈≈...#....# #
≈≈≈≈≈..###.≈≈≈≈≈W≈)≈..####...####
≈≈≈≈≈≈≈≈....≈≈≈≈≈≈≈≈.## ##......
≈≈≈≈≈≈≈≈....≈≈≈m@≈≈≈..# #.......
≈≈≈≈≈≈≈≈.≈≈≈≈≈≈≈≈≈≈≈.)####..≈≈≈≈≈
≈≈≈≈≈≈≈≈≈≈≈≈≈≈≈≈≈≈≈≈........≈≈≈≈≈
≈≈≈≈≈≈≈≈≈≈≈≈≈≈≈≈≈≈≈≈≈≈≈........≈≈
≈≈≈≈≈≈≈≈≈≈≈≈≈≈≈≈....≈≈≈≈....≈≈≈≈≈
≈≈≈≈≈≈≈≈≈≈≈W≈≈≈≈..#.≈≈≈≈≈≈≈≈≈≈≈≈≈
.≈≈≈≈≈≈≈≈≈≈≈≈≈≈≈....≈≈≈≈≈≈≈≈≈≈≈≈≈
.≈≈≈≈≈≈≈≈≈≈≈≈≈≈≈......≈≈≈≈≈≈≈≈≈≈≈
.≈≈≈≈≈≈≈≈≈≈≈≈≈.....≈≈≈≈≈≈≈≈≈≈≈≈≈≈


You could see a merfolk avatar and 2 drowned souls.

Vanquished Creatures
  Rupert (D:13)
  A kraken (Shoals:1)
  Gastronok (Lair:2)
  An orc warlord (Orc:2)
  Donald (Shoals:1)
  6 dire elephants
  A merfolk javelineer (Shoals:2)
  A death ooze (Lair:6)
  3 merfolk impalers (Shoals:1)
  A minotaur (Lab)
  7 hydras
  A catoblepas (Lair:2)
  An anaconda (Lair:6)
  2 dancing weapons (D:14)
  2 centaur warriors
  A merfolk avatar (Shoals:1)
  4 two-headed ogres
  A death knight (D:14)
  2 tengu warriors
  An orc high priest (Orc:2)
  6 skeletal warriors (D:14)
  3 unseen horrors
  6 sea snakes (Shoals:1)
  2 wizards
  5 harpies (Shoals:2)
  2 orc knights
  4 lindwurms (D:12)
  A wolf spider (D:15)
  A wolf spider zombie (D:15)
  9 ugly things
  4 deep elf magi
  3 fauns (Shoals:1)
  5 orc sorcerers
  4 cyclopes
  An elephant (shapeshifter) (D:14)
  3 manticores
  22 elephants
  A merfolk siren (Shoals:1)
  2 black mambas
  2 molten gargoyles
  A gargoyle (D:13)
  2 water nymphs (Shoals:1)
  10 spiny frogs
  2 rime drakes
  2 freezing wraiths (D:14)
  4 komodo dragons
  An efreet (D:15)
  A redback zombie (D:15)
  2 wind drakes
  9 merfolk
  A wolf spider simulacrum (D:15)
  A tengu conjurer (D:9)
  A polar bear (Lair:6)
  12 slime creatures
  7 trolls
  Prince Ribbit (D:5)
  6 blink frogs (Lair:4)
  2 snapping turtles (Shoals:1)
  14 hippogriffs
  Sigmund (D:2)
  2 vampires
  A shadow (D:11)
  A water elemental (Shoals:2)
  2 redbacks (Lab)
  4 wraiths
  47 yaks
  4 wyverns
  2 basilisks
  A fire elemental (Lair:4)
  4 hungry ghosts (Lab)
  2 vampire mosquitoes (D:14)
  3 nagas (Lair:4)
  6 wargs
  2 acid dragons (D:15)
  12 water moccasins
  14 porcupines
  34 orc warriors
  3 ice beasts
  3 sky beasts
  16 ogres
  2 black bears
  4 necrophages
  A phantom (D:6)
  2 eyes of draining
  The ghost of George the Slasher, an amateur DsFi (D:3)
  6 centaurs
  11 wolves
  14 crocodiles
  2 big kobolds
  3 elf zombies
  21 bullfrogs
  3 wyvern zombies
  A gnoll sergeant (Orc:2)
  A water moccasin zombie (D:5)
  2 wyvern skeletons
  2 scorpions
  19 killer bees
  16 wights
  3 howler monkeys (D:13)
  7 centaur zombies
  6 crimson imps
  5 bullfrog zombies
  A quasit (D:11)
  5 bullfrog skeletons
  2 centaur skeletons
  8 jellies
  5 hounds
  4 human zombies
  20 orc priests
  A gnoll shaman (D:6)
  31 orc wizards
  Terence (D:2)
  5 iguanas
  Natasha (twice) (D:2)
  2 human skeletons (D:9)
  11 worker ants
  A killer bee zombie (D:8)
  A big kobold zombie (Ossuary)
  4 hound zombies
  2 hound skeletons
  6 mummies
  A howler monkey zombie (D:6)
  A worker ant zombie (D:9)
  Robin (D:2)
  7 gnolls
  A howler monkey skeleton (D:7)
  9 adders
  6 oozes
  A worm (D:3)
  3 adder zombies
  A dart slug (D:2)
  3 leopard geckos
  138 orcs
  6 giant cockroaches
  19 goblins
  7 hobgoblins
  12 jackals
  8 kobolds
  3 quokkas
  A ball python (D:6)
  5 bats
  6 frilled lizards
  4 hobgoblin zombies (Ossuary)
  A kobold zombie (D:6)
  An orc skeleton (D:9)
  2 orc zombies
  A quokka zombie (D:5)
  5 rats
  2 fungi
  6 plants
  5 tentacles (Shoals:1)
878 creatures vanquished.

Vanquished Creatures (others)
  A deep elf mage (D:13)
  A worker ant (D:12)
  An orc (Orc:2)
  A quokka (D:5)
  9 fungi
  10 plants
  7 tentacles (Shoals:1)
30 creatures vanquished.

Grand Total: 908 creatures vanquished

Notes
Turn   | Place    | Note
-------+----------+-------------------------------------------
     0 | D:1      | Zwobot the Hill Orc Fighter began the quest for the Orb.
     0 | D:1      | Reached XP level 1. HP: 19/19 MP: 1/1
   365 | D:1      | Reached skill level 3 in Axes
   747 | D:1      | Reached XP level 2. HP: 23/26 MP: 2/2
   802 | D:1      | Reached skill level 4 in Axes
   871 | D:2      | Reached XP level 3. HP: 31/31 MP: 3/3
  1048 | D:2      | Noticed Robin
  1070 | D:2      | Reached skill level 5 in Axes
  1081 | D:2      | Killed Robin
  1107 | D:2      | Reached XP level 4. HP: 36/39 MP: 4/4
  1198 | D:3      | Reached skill level 6 in Axes
  1298 | D:3      | Noticed George's ghost (amateur DsFi)
  1642 | D:4      | Found a staircase to the Ecumenical Temple.
  1661 | Temple   | Entered the Ecumenical Temple
  1729 | Temple   | Became a worshipper of Uskayaw the Reveler
  1811 | D:4      | Reached * piety under Uskayaw
  1911 | D:4      | Noticed an ogre
  1921 | D:4      | Reached ** piety under Uskayaw
  1925 | D:4      | Killed an ogre
  1925 | D:4      | Reached skill level 7 in Axes
  1925 | D:4      | Reached XP level 5. HP: 45/45 MP: 5/5
  1925 | D:4      | Reached *** piety under Uskayaw
  2254 | D:4      | Reached skill level 8 in Axes
  2254 | D:4      | Reached XP level 6. HP: 39/51 MP: 6/6
  2669 | D:2      | Noticed Terence
  2679 | D:2      | Killed Terence
  2712 | D:2      | Noticed Sigmund
  2718 | D:2      | Killed Sigmund
  2718 | D:2      | Reached skill level 9 in Axes
  2718 | D:2      | Reached XP level 7. HP: 52/57 MP: 7/7
  2800 | D:2      | Noticed Natasha
  2821 | D:2      | Killed Natasha
  2924 | D:2      | Noticed Natasha
  2939 | D:2      | Killed Natasha
  3236 | D:3      | Reached skill level 10 in Axes
  3349 | D:3      | Killed George's ghost
  3481 | D:3      | Found a shattered altar of Ashenzari.
  3978 | D:5      | Entered Level 5 of the Dungeon
  4022 | D:5      | Found a snail-covered altar of Cheibriados.
  4353 | D:5      | Found a stormy altar of Qazlal.
  4353 | D:5      | Noticed Prince Ribbit
  4523 | D:5      | Reached skill level 11 in Axes
  4642 | D:5      | Reached XP level 8. HP: 66/66 MP: 8/8
  4920 | D:5      | Found a white marble altar of Elyvilon.
  5114 | D:5      | Killed Prince Ribbit
  5155 | D:5      | Reached skill level 5 in Fighting
  5155 | D:5      | Reached skill level 12 in Axes
  5300 | D:6      | Reached **** piety under Uskayaw
  5331 | D:6      | Reached skill level 5 in Armour
  5443 | D:6      | Reached XP level 9. HP: 54/75 MP: 9/9
  5630 | D:6      | Found a sand-covered staircase.
  5649 | Ossuary  | Entered an ossuary
  5668 | Ossuary  | Reached ***** piety under Uskayaw
  6212 | D:6      | Reached skill level 13 in Axes
  6237 | D:6      | Reached skill level 1 in Invocations
  6549 | D:6      | Got a bronze scale mail
  6560 | D:6      | Identified the +1 scale mail "Qishrot" {MR+} (You found it on level 6 of the Dungeon)
  7022 | D:7      | Found a hazy altar of Hepliaklqana.
  7772 | D:8      | Reached XP level 10. HP: 79/86 MP: 13/13
  7779 | D:8      | Noticed a two-headed ogre
  7791 | D:8      | Killed a two-headed ogre
  7791 | D:8      | Reached skill level 14 in Axes
  7791 | D:8      | Reached skill level 5 in Invocations
  8849 | D:8      | Noticed an obsidian statue
  9046 | D:9      | Noticed a two-headed ogre
  9065 | D:9      | Killed a two-headed ogre
  9130 | D:9      | Reached skill level 15 in Axes
  9148 | D:9      | Noticed a deep elf mage
  9159 | D:9      | Killed a deep elf mage
  9159 | D:9      | Reached XP level 11. HP: 73/95 MP: 16/16
  9293 | D:9      | Noticed a tengu warrior
  9309 | D:9      | Killed a tengu warrior
  9571 | D:9      | Found a sacrificial altar of Ru.
  9928 | D:9      | Got a translucent ring mail
  9939 | D:9      | Identified the +0 ring mail "Vuwe" {Dex+6} (You found it on level 9 of the Dungeon)
 10284 | D:9      | Found an ancient bone altar of Kikubaaqudgha.
 10421 | D:9      | Found a blossoming altar of Fedhas.
 10619 | D:10     | Entered Level 10 of the Dungeon
 10698 | D:10     | Found Tymuwky's Weapon Emporium.
 10881 | D:10     | Reached skill level 16 in Axes
 11730 | D:11     | Found a staircase to the Lair.
 12548 | D:11     | Noticed a two-headed ogre
 12560 | D:11     | Killed a two-headed ogre
 12560 | D:11     | Reached skill level 10 in Fighting
 12870 | D:11     | Noticed a centaur warrior
 12874 | D:11     | Killed a centaur warrior
 12874 | D:11     | Reached XP level 12. HP: 106/106 MP: 18/18
 13008 | D:11     | Found a staircase to the Orcish Mines.
 14202 | Lair:1   | Entered Level 1 of the Lair of Beasts
 14253 | Lair:1   | Noticed a six-headed hydra
 14725 | Orc:1    | Entered Level 1 of the Orcish Mines
 14748 | Orc:1    | Reached skill level 5 in Shields
 14799 | Orc:1    | Found Fisash's Assorted Antiques.
 14808 | Orc:1    | Bought a scroll labeled VOMAAGH CULAA for 39 gold pieces
 14825 | Orc:1    | Reached skill level 17 in Axes
 15049 | Orc:1    | Reached skill level 1 in Throwing
 15579 | D:11     | Reached skill level 10 in Armour
 15677 | Orc:1    | Reached skill level 10 in Invocations
 16010 | Orc:2    | Entered Level 2 of the Orcish Mines
 16010 | Orc:2    | Found a staircase to the Elven Halls.
 16033 | Orc:2    | Reached ****** piety under Uskayaw
 16059 | Orc:2    | Found a flickering gateway to a bazaar.
 16068 | Bazaar   | Entered a bazaar
 16068 | Bazaar   | Found Ehasedd's Food Shoppe.
 16068 | Bazaar   | Found Unej's Antique Armour Emporium.
 16412 | Bazaar   | Found Boonlure's Gadget Shoppe.
 16412 | Bazaar   | Found Dajibuup's Antique Weapon Emporium.
 16453 | Bazaar   | Bought a pair of runed gloves for 262 gold pieces
 16518 | Orc:2    | Found a roughly hewn altar of Beogh.
 16623 | Orc:2    | Found a roughly hewn altar of Beogh.
 16623 | Orc:2    | Found Piwiegoifu's Book Shoppe.
 16785 | Orc:2    | Found a roughly hewn altar of Beogh.
 16809 | Orc:2    | Found Qaussilo's Magic Scroll Shoppe.
 16814 | Orc:2    | Bought a scroll of enchant weapon for 112 gold pieces
 16814 | Orc:2    | Bought a scroll of blinking for 112 gold pieces
 16849 | Orc:2    | Reached XP level 13. HP: 101/115 MP: 20/20
 17287 | Orc:2    | Noticed an orc warlord
 17313 | Orc:2    | Killed an orc warlord
 17466 | Orc:2    | Found a roughly hewn altar of Beogh.
 17477 | Orc:2    | Found a roughly hewn altar of Beogh.
 17491 | Orc:2    | Found a roughly hewn altar of Beogh.
 17815 | Orc:2    | Found Junis's Antique Weapon Emporium.
 17829 | Orc:2    | Found a roughly hewn altar of Beogh.
 17832 | Orc:2    | Found Paidwoj's Antique Armour Shoppe.
 17843 | Orc:2    | Bought a jewelled scale mail for 252 gold pieces
 17853 | Orc:2    | Identified the cursed +0 scale mail "Week" {rF- Dex+3 Stlth+} (You bought it in a shop on level 2 of the Orcish Mines)
 18176 | Orc:2    | Bought a glowing hand axe for 126 gold pieces
 18569 | Lair:1   | Reached skill level 5 in Throwing
 18695 | Lair:1   | You fall through a shaft!
 20200 | Lair:2   | Noticed Gastronok
 20215 | Lair:2   | Killed Gastronok
 20786 | Lair:3   | Found a staircase to the Shoals.
 20877 | Lair:3   | Reached XP level 14. HP: 79/126 MP: 21/21
 20886 | Lair:3   | Reached skill level 10 in Shields
 21778 | Lair:4   | Found a staircase to the Snake Pit.
 22025 | Lair:4   | You fall through a shaft for 2 floors!
 22025 | Lair:6   | Entered Level 6 of the Lair of Beasts
 22025 | Lair:6   | Found a staircase to the Slime Pits.
 22025 | Lair:6   | Found a viscous altar of Jiyva.
 24465 | Lair:6   | Noticed a dire elephant
 24465 | Lair:6   | Noticed a dire elephant
 24482 | Lair:6   | Killed a dire elephant
 24492 | Lair:6   | Killed a dire elephant
 24675 | Lair:6   | Noticed a dire elephant
 24684 | Lair:6   | Killed a dire elephant
 24902 | Lair:6   | Noticed a dire elephant
 24929 | Lair:6   | Killed a dire elephant
 25205 | Lair:6   | Reached XP level 15. HP: 118/135 MP: 22/22
 25828 | D:12     | Identified the Almanac of Battle Magic and Unholy Magic
 25836 | D:12     | Got a faintly glowing ruby amulet
 25837 | D:12     | Identified the amulet of Daffodils {+Rage rElec rC+ Str+4} (You found it on level 12 of the Dungeon)
 26392 | D:13     | Noticed Rupert
 26422 | D:13     | Killed Rupert
 26483 | D:13     | Found a portal to a secret trove of treasure.
 27012 | D:14     | Found a labyrinth entrance.
 27017 | Lab      | Entered a labyrinth
 27541 | Lab      | Got a twisted cloak
 27547 | Lab      | Identified the cursed +0 cloak of Opryin {rN++ MR+ Int-4} (You found it in a labyrinth)
 27571 | Lab      | Got a crude dagger
 27719 | D:14     | Gained mutation: You have a pair of small antennae on your head. [potion of mutation]
 27719 | D:14     | Gained mutation: Your spells are a little easier to cast, but a little less powerful. [potion of mutation]
 27719 | D:14     | Gained mutation: You have large cloven feet. [potion of mutation]
 27719 | D:14     | Gained mutation: Your system is resistant to poisons. (rPois) [potion of mutation]
 27855 | D:14     | Found a gate to the Vaults.
 28757 | D:15     | Entered Level 15 of the Dungeon
 28816 | D:15     | Reached skill level 15 in Fighting
 28874 | D:15     | Reached XP level 16. HP: 97/149 MP: 23/23
 29186 | D:15     | Found a staircase to the Depths.
 29658 | D:15     | Found an opulent altar of Gozag.
 30205 | Shoals:1 | Entered Level 1 of the Shoals
 31642 | Shoals:1 | Noticed Donald
 31657 | Shoals:1 | Killed Donald
 32017 | Shoals:1 | Found a radiant altar of Vehumet.
 32022 | Shoals:1 | Noticed a kraken
 32048 | Shoals:1 | Killed a kraken
 32875 | Shoals:1 | HP: 3/152 [drowned by a drowned soul[a merfolk avatar] (14)]
 32880 | Shoals:1 | Drowned by a drowned soul

Skill      XL: |  1  2  3  4  5  6  7  8  9 10 11 12 13 14 15 16 |
---------------+-------------------------------------------------+-----
Axes           | 3 4 5 7 8 9 11 12 13 15 16 17 | 17.0
Fighting       | 4 5 7 8 10 12 13 15 16 | 16.7
Armour         | 5 6 8 9 10 11 12 13 | 13.9
Invocations    | 4 7 9 10 | 10.3
Shields        | 7 9 11 13 | 13.8
Throwing       | 3 6 9 |  9.7

Action                   |  1- 3 |  4- 6 |  7- 9 | 10-12 | 13-15 | 16-18 || total
-------------------------+-------+-------+-------+-------+-------+-------++-------
Melee: War axe           |    57 |       |       |   117 |     5 |     5 ||   184
       Hand axe          |    51 |    80 |   232 |   230 |       |       ||   593
       Broad axe         |       |     5 |   194 |   672 |  1265 |   392 ||  2528
Throw: Tomahawk          |       |     2 |    24 |     8 |    27 |       ||    61
       Javelin           |       |       |       |       |    30 |       ||    30
       Throwing net      |       |       |       |       |       |     2 ||     2
Invok: Grand Finale      |       |       |       |     1 |       |       ||     1
       Stomp             |       |       |       |       |     1 |       ||     1
 Abil: Evoke Berserk Rag |       |       |     5 |     2 |     3 |       ||    10
Evoke: Wand              |       |       |       |       |     5 |     3 ||     8
       Phantom mirror    |       |       |       |       |     1 |       ||     1
  Use: Scroll            |     2 |     2 |     7 |    15 |    12 |     3 ||    41
       Potion            |       |     3 |     1 |     2 |     5 |     3 ||    14
 Stab: Paralysed         |       |       |    12 |    84 |   131 |    30 ||   257
       Distracted        |       |       |       |     2 |       |       ||     2
       Invisible         |       |       |       |    13 |       |       ||    13
       Petrified         |       |       |       |       |     2 |       ||     2
  Eat: Chunk             |     1 |     5 |     8 |    10 |    19 |     7 ||    50
       Fruit             |       |       |     6 |       |    10 |     4 ||    20
       Royal jelly       |       |       |     4 |     1 |     4 |     2 ||    11
       Meat ration       |       |       |       |     4 |     2 |       ||     6
Armor: Scale mail        |    44 |    21 |    38 |       |       |       ||   103
       Skin              |       |     5 |       |       |       |       ||     5
       Chain mail        |       |       |   109 |       |       |       ||   109
       Plate armour      |       |       |     3 |   457 |   447 |   156 ||  1063
Dodge: Dodged            |    30 |    21 |    80 |   132 |   173 |    65 ||   501
Block: Shield            |    56 |    27 |   154 |   490 |   722 |   248 ||  1697
       Reflection        |       |       |       |    11 |     6 |       ||    17
